 Dungeon Crawl Stone Soup version 0.31-a0-210-gccc998df9b (webtiles) character file.

Game seed: 5636767985151912840

12502 qw the Cleaver (level 11, 0/71 HPs)
             Began as a Gargoyle Fighter on June 29, 2023.
             Was an Elder of Okawaru.
             Slain by a two-headed ogre
             ... wielding a +0 giant spiked club
              (2 damage)
             ... on level 10 of the Dungeon.
             The game lasted 00:05:38 (10204 turns).

qw the Cleaver (Gargoyle Fighter)                  Turns: 10204, Time: 00:05:39

Health: 0/71       AC: 29    Str: 24    XL:     11   Next: 94%
Magic:  0/14       EV: 11    Int:  9    God:    Okawaru [****..]
Gold:   155        SH: 10    Dex:  9    Spells: 10/10 levels left

rFire   . . .        Y - +2 war axe
rCold   . . .        s - +0 kite shield
rNeg    + . .        y - +0 plate armour
rPois   inf          p - +1 helmet {SInv}
rElec   +            (no cloak)
rCorr   .            l - +0 pair of gloves {infuse}
SInv    +            (no boots)
Will    .....        (no amulet) Stlth
                     t - +4 ring of protection
HPRegen 0.31/turn    a - +5 ring of evasion
MPRegen 0.14/turn

%: random rage (3%)
@: about to teleport, on berserk cooldown, slowed, very slow
A: sickness immunity, AC +8, negative energy resistance 1, electricity
resistance, torment resistance 1, petrification resistance, berserk 1, evolution
1
a: Renounce Religion, Heroism, Finesse


You were on level 10 of the Dungeon.
You worshipped Okawaru.
Okawaru was greatly pleased with you.
You visited 2 branches of the dungeon, and saw 11 of its levels.

You collected 584 gold pieces.
You spent 429 gold pieces at shops.


Innate Abilities, Weirdness & Mutations

You are immune to sickness and miasma.
Your stone body is resilient. (AC +8)
You are immune to poison.
You resist negative energy. (rN+)
You are resistant to electric shocks. (rElec)
You are resistant to unholy torment.
You are immune to petrification.
You sometimes lose your temper in combat.
You have hidden genetic potential.


   Skills:
 - Level 9.3 Fighting
 + Level 11.1 Axes
 - Level 2.1 Throwing
 - Level 8.0 Armour
 - Level 2.1 Dodging
 - Level 10.0 Shields
 + Level 4.5 Invocations


You had 10 spell levels left.
You didn't know any spells.
Your spell library was empty.

Inventory:

Hand Weapons
 b - a +1 flail of protection
 c - a +2 mace of holy wrath
 Y - a +2 war axe (weapon)
Missiles
 u - 2 boomerangs (quivered)
Armour
 l - a +0 pair of gloves of infusion (worn)
 p - a +1 helmet of see invisible (worn)
 s - a +0 kite shield (worn)
 y - a +0 plate armour (worn)
Jewellery
 a - a +5 ring of evasion (right hand)
 t - a +4 ring of protection (left hand)
 z - a ring of fire
Wands
 o - a wand of digging (4)
Scrolls
 f - 2 scrolls of teleportation
 h - 4 scrolls of identify
Potions
 d - 2 potions of might
 e - a potion of resistance
 j - 3 potions of cancellation
 k - 2 potions of curing
 m - 3 potions of attraction
 q - a potion of lignification
 r - a potion of haste
 v - 2 potions of heal wounds
 w - a potion of enlightenment

Dungeon Overview and Level Annotations

Branches:
Dungeon (10/15)            Temple (1/1) D:6             Orc (0/2) D:9
   Lair: D:8-11

Altars:
Ashenzari
Cheibriados
Dithmenos
Elyvilon
Fedhas
Gozag
Hepliaklqana
Kikubaaqudgha
Makhleb
Nemelex Xobeh
Okawaru
Qazlal
Ru
Sif Muna
Trog
Uskayaw
Vehumet
Wu Jian
Xom
Yredelemnul
Zin
The Shining One

Shops:
D:7 [   D:9 :


Message History

You hit the yak. The yak gores you but does no damage.
A yak comes into view.
The orc priest calls down the wrath of Beogh upon you.
Beogh smites you! You block the yak's attack.
The yak gores you but does no damage.
You hear a bellow!
You hit the yak but do no damage.
The yak is moderately wounded.
You slash the yak!
You hear a bellow!
You block the yak's attack. The yak misses you.
You hit the yak but do no damage.
The yak is moderately wounded.
You barely miss the yak. The yak gores you but does no damage.
You block the yak's attack. x2
You slash the yak!
The yak is heavily wounded.
You hit the yak but do no damage. You block the yak's attack.
The yak closely misses you. The yak gores you but does no damage.
You block the two-headed ogre's attack.
The two-headed ogre hits you with a +0 giant club!
The yak gores you.
You slash the yak!
The yak is heavily wounded.
You slash the yak! You hit the two-headed ogre.
You hear a shout!
The yak gores you but does no damage. You block the yak's attack.
The orc priest invokes the aid of Beogh against you.
Beogh smites you!
The two-headed ogre hits you but does no damage.
You block the two-headed ogre's attack.
You hear a bellow!
10204 ||| READING 3 scrolls of teleportation.
As you read the scroll of teleportation, it crumbles to dust.
You feel strangely unstable. The yak gores you! You block the yak's attack.
The yak gores you but does no damage. The yak misses you.
The two-headed ogre hits you with a +0 giant spiked club.
You die...

...YY.....# ##......##
### .##..##..######...#
......##...#.......#
...........#..<....#
~~.._...oY.).###
~.....~~YY#...# .
......~~YY###.###+###
....77..O@Y#...o.......
....77.....##........##
#.........#<#........##
###.....##..#.#........
...#####.##.'...#######
. #####.##.#####..#
+........##.....#
#######'#######.#
..............#.##


You could see a two-headed ogre, 6 yaks and an orc priest.

Vanquished Creatures
  A boulder beetle (D:8)
  Erica (D:8)
  A centaur warrior (D:8)
  A two-headed ogre (D:10)
  A cyclops (D:8)
  An unseen horror (D:8)
  A troll (D:5)
  A hornet (D:9)
  Grinder (D:4)
  A wraith (D:10)
  Eustachio (D:6)
  13 yaks
  2 wyverns
  Menkaure (D:6)
  Edmund (D:4)
  3 steam dragons
  A warg (D:9)
  2 water moccasins
  6 orc warriors
  15 ice beasts
  2 sky beasts
  3 black bears
  2 ogres
  A centaur (D:9)
  2 phantoms
  A kobold brigand (D:7)
  4 bullfrogs
  2 gnoll sergeants
  3 scorpions
  13 killer bees (D:8)
  2 howler monkeys (D:9)
  3 jellies
  5 electric eels (D:9)
  5 hounds
  4 orc priests
  4 gnoll boudas
  A sleepcap (D:8)
  Ijyb (D:2)
  Natasha (thrice) (D:4)
  4 iguanas
  9 orc wizards
  Terence (D:2)
  17 gnolls
  4 adders
  2 shadow imps (D:6)
  2 white imps (D:7)
  An ufetubus (D:7)
  6 dart slugs
  35 orcs
  5 bats
  7 endoplasms
  4 giant cockroaches
  9 hobgoblins
  8 jackals
  6 quokkas
  5 ball pythons
  2 frilled lizards (D:3)
  13 goblins
  8 kobolds
  4 rats
268 creatures vanquished.

Notes
Turn   | Place    | Note
-------+----------+-------------------------------------------
     0 | D:1      | qw the Gargoyle Fighter began the quest for the Orb.
     0 | D:1      | Reached XP level 1. HP: 14/14 MP: 1/1
     0 | D:1      | 0 ||| qw: Version: 0.3-a-24-g62f9e04
     0 | D:1      | 0 ||| qw: Game counter: 6700
     0 | D:1      | 0 ||| qw: Melee chars always use a shield: true
     0 | D:1      | 0 ||| qw: God list: Okawaru
     0 | D:1      | 0 ||| qw: Allow faded altars: false
     0 | D:1      | 0 ||| qw: Do Orc after clearing Dungeon:15 true
     0 | D:1      | 0 ||| qw: Do second Lair branch before Depths: true
     0 | D:1      | 0 ||| qw: Lair rune preference: random
     0 | D:1      | 0 ||| qw: Goals: Normal, Zot:1-4, Slime:5, God:TSO, Crypt,
                  | Tomb, Abyss, Pan, Hells, Win
     0 | D:1      | 0 ||| PLANNING D:1-11
    27 | D:1      | Reached skill level 2 in Axes
    76 | D:1      | Reached XP level 2. HP: 19/19 MP: 2/2
   484 | D:1      | 484 ||| FLEEEEING.
   485 | D:1      | 485 ||| FLEEEEING.
   495 | D:1      | Reached skill level 3 in Axes
   500 | D:1      | Reached XP level 3. HP: 16/23 MP: 3/3
   542 | D:1      | 542 ||| Stepping ~*~*~tactically~*~*~ (stealth).
   546 | D:1      | 546 ||| Stepping ~*~*~tactically~*~*~ (stealth).
   551 | D:1      | 551 ||| Stepping ~*~*~tactically~*~*~ (stealth).
   832 | D:1      | 832 ||| DROPPING orb of wrath.
   833 | D:1      | 833 ||| READING scroll labelled MUIKHL EGAGU.
   838 | D:1      | 838 ||| READING scroll labelled UNAERE DUBREANN.
   839 | D:1      | 839 ||| READING 3 scrolls labelled CIVORO ZEZXE.
   840 | D:1      | 840 ||| READING scroll labelled GAXOIQ FOEVUAQE.
   841 | D:1      | 841 ||| READING scroll labelled XUYBOQ DETIO.
   842 | D:1      | 842 ||| DRINKING 2 blue potions.
   891 | D:2      | Found a faded altar of an unknown god.
   927 | D:2      | Noticed Terence
   928 | D:2      | 928 ||| Stepping ~*~*~tactically~*~*~ (stealth).
   930 | D:2      | 930 ||| Stepping ~*~*~tactically~*~*~ (stealth).
   932 | D:2      | Noticed Ijyb
   933 | D:2      | Killed Terence
   939 | D:2      | Reached XP level 4. HP: 28/28 MP: 4/4
   951 | D:2      | HP: 7/28 [Ijyb/+0 club (1)]
   951 | D:2      | HP: 3/28 [hobgoblin/+0 spear (4)]
   952 | D:2      | 952 ||| DRINKING potion of heal wounds.
   956 | D:2      | Killed Ijyb
   957 | D:2      | Reached skill level 4 in Axes
  1089 | D:2      | Identified the +3 leather armour "Hatsogogh" {rF+ Slay+3}
  1233 | D:2      | 1233 ||| Stepping ~*~*~tactically~*~*~ (stealth).
  1448 | D:2      | 1448 ||| UPGRADING to +3 leather armour "Hatsogogh" {rF+
                  | Slay+3}.
  1458 | D:2      | 1458 ||| DROPPING +0 scale mail.
  1459 | D:2      | 1459 ||| READING scroll labelled JOTIBL EPRIEKK.
  1479 | D:2      | 1479 ||| READING 3 scrolls of identify.
  1479 | D:2      | 1479 ||| IDENTIFYING emerald potion
  1480 | D:2      | 1480 ||| READING 2 scrolls of identify.
  1480 | D:2      | 1480 ||| IDENTIFYING ruby potion
  1481 | D:2      | 1481 ||| DROPPING potion of degeneration.
  1532 | D:3      | 1532 ||| Stepping ~*~*~tactically~*~*~ (stealth).
  1545 | D:3      | Found a shimmering altar of Xom.
  1584 | D:3      | Reached XP level 5. HP: 32/32 MP: 5/5
  1605 | D:3      | 1605 ||| Stepping ~*~*~tactically~*~*~ (stealth).
  1607 | D:3      | 1607 ||| Stepping ~*~*~tactically~*~*~ (stealth).
  1609 | D:3      | 1609 ||| Stepping ~*~*~tactically~*~*~ (stealth).
  1617 | D:3      | 1617 ||| Stepping ~*~*~tactically~*~*~ (stealth).
  1619 | D:3      | 1619 ||| Stepping ~*~*~tactically~*~*~ (stealth).
  1620 | D:3      | 1620 ||| Stepping ~*~*~tactically~*~*~ (stealth).
  1621 | D:3      | 1621 ||| Stepping ~*~*~tactically~*~*~ (stealth).
  1622 | D:3      | 1622 ||| Stepping ~*~*~tactically~*~*~ (stealth).
  1685 | D:3      | Found a sacrificial altar of Ru.
  1980 | D:3      | 1980 ||| READING scroll labelled ZIFUUS QAEMN.
  1981 | D:3      | 1981 ||| READING scroll labelled JOTIXT LONUA.
  1982 | D:3      | 1982 ||| READING 4 scrolls of identify.
  1982 | D:3      | 1982 ||| IDENTIFYING sapphire potion
  1983 | D:3      | 1983 ||| READING 3 scrolls of identify.
  1983 | D:3      | 1983 ||| IDENTIFYING grey potion
  1984 | D:3      | 1984 ||| READING 2 scrolls of identify.
  1984 | D:3      | 1984 ||| IDENTIFYING smoky purple potion
  2050 | D:4      | Found a snail-covered altar of Cheibriados.
  2061 | D:4      | Reached skill level 1 in Dodging
  2112 | D:4      | 2112 ||| Stepping ~*~*~tactically~*~*~ (stealth).
  2112 | D:4      | Found a white marble altar of Elyvilon.
  2120 | D:4      | Reached skill level 1 in Throwing
  2128 | D:4      | 2128 ||| DROPPING +0 mace.
  2166 | D:4      | Noticed Natasha
  2168 | D:4      | 2168 ||| Stepping ~*~*~tactically~*~*~ (hiding).
  2169 | D:4      | Noticed Grinder
  2177 | D:4      | Killed Natasha
  2178 | D:4      | Reached XP level 6. HP: 37/37 MP: 6/6
  2185 | D:4      | Paralysed by Grinder for 4 turns
  2190 | D:4      | Killed Grinder
  2191 | D:4      | Reached skill level 5 in Axes
  2191 | D:4      | Reached XP level 7. HP: 21/41 MP: 7/7
  2191 | D:4      | 2191 ||| FLEEEEING.
  2192 | D:4      | 2192 ||| FLEEEEING.
  2193 | D:4      | 2193 ||| FLEEEEING.
  2205 | D:4      | 2205 ||| FLEEEEING.
  2206 | D:4      | 2206 ||| FLEEEEING.
  2275 | D:4      | Noticed Natasha
  2276 | D:4      | 2276 ||| Stepping ~*~*~tactically~*~*~ (stealth).
  2278 | D:4      | 2278 ||| Stepping ~*~*~tactically~*~*~ (stealth).
  2279 | D:4      | 2279 ||| Stepping ~*~*~tactically~*~*~ (stealth).
  2283 | D:4      | 2283 ||| Stepping ~*~*~tactically~*~*~ (stealth).
  2284 | D:4      | 2284 ||| Stepping ~*~*~tactically~*~*~ (stealth).
  2286 | D:4      | 2286 ||| Stepping ~*~*~tactically~*~*~ (hiding).
  2292 | D:4      | 2292 ||| Stepping ~*~*~tactically~*~*~ (stealth).
  2293 | D:4      | 2293 ||| STAIRDANCE
  2313 | D:3      | 2313 ||| UPGRADING to +0 pair of gloves of infusion.
  2318 | D:3      | 2318 ||| UPGRADING to +6 ring of dexterity.
  2408 | D:4      | Found an opulent altar of Gozag.
  2430 | D:4      | 2430 ||| Stepping ~*~*~tactically~*~*~ (stealth).
  2432 | D:4      | Noticed Edmund
  2448 | D:4      | Killed Edmund
  2449 | D:4      | Reached skill level 6 in Axes
  2492 | D:4      | 2492 ||| Stepping ~*~*~tactically~*~*~ (stealth).
  2517 | D:4      | 2517 ||| Stepping ~*~*~tactically~*~*~ (stealth).
  2519 | D:4      | 2519 ||| Stepping ~*~*~tactically~*~*~ (stealth).
  2525 | D:4      | 2525 ||| Stepping ~*~*~tactically~*~*~ (stealth).
  2526 | D:4      | 2526 ||| Stepping ~*~*~tactically~*~*~ (stealth).
  2529 | D:4      | 2529 ||| DROPPING +0 flail.
  2552 | D:4      | Killed Natasha
  2700 | D:4      | Noticed Natasha
  2706 | D:4      | Killed Natasha
  2832 | D:4      | 2832 ||| READING scroll labelled VERUAG UHUNU.
  2849 | D:5      | Entered Level 5 of the Dungeon
  2855 | D:5      | 2855 ||| Stepping ~*~*~tactically~*~*~ (stealth).
  2924 | D:5      | 2924 ||| Stepping ~*~*~tactically~*~*~ (stealth).
  2926 | D:5      | 2926 ||| Stepping ~*~*~tactically~*~*~ (stealth).
  2980 | D:5      | Reached skill level 7 in Axes
  2980 | D:5      | Reached XP level 8. HP: 47/48 MP: 3/8
  2980 | D:5      | 2980 ||| Stepping ~*~*~tactically~*~*~ (stealth).
  2981 | D:5      | 2981 ||| Stepping ~*~*~tactically~*~*~ (stealth).
  3028 | D:5      | 3028 ||| Stepping ~*~*~tactically~*~*~ (stealth).
  3029 | D:5      | 3029 ||| Stepping ~*~*~tactically~*~*~ (stealth).
  3549 | D:5      | Noticed a troll
  3554 | D:5      | 3554 ||| READING 4 scrolls of identify.
  3554 | D:5      | 3554 ||| IDENTIFYING brown potion
  3555 | D:5      | 3555 ||| DROPPING potion of ambrosia.
  3560 | D:5      | 3560 ||| Stepping ~*~*~tactically~*~*~ (stealth).
  3564 | D:5      | 3564 ||| Stepping ~*~*~tactically~*~*~ (stealth).
  3653 | D:5      | Killed a troll
  3654 | D:5      | Reached skill level 8 in Axes
  3761 | D:5      | 3761 ||| Stepping ~*~*~tactically~*~*~ (stealth).
  3767 | D:5      | Reached skill level 6 in Fighting
  3894 | D:5      | 3894 ||| Stepping ~*~*~tactically~*~*~ (stealth).
  3897 | D:5      | 3897 ||| Stepping ~*~*~tactically~*~*~ (stealth).
  3912 | D:5      | 3912 ||| Stepping ~*~*~tactically~*~*~ (stealth).
  3915 | D:5      | 3915 ||| Stepping ~*~*~tactically~*~*~ (stealth).
  4524 | D:5      | Found a bloodstained altar of Trog.
  4527 | D:5      | 4527 ||| UPGRADING to +0 chain mail.
  4537 | D:5      | 4537 ||| UPGRADING to +5 ring of evasion.
  4538 | D:5      | 4538 ||| READING 4 scrolls of identify.
  4538 | D:5      | 4538 ||| IDENTIFYING pink potion
  4590 | D:6      | 4590 ||| Stepping ~*~*~tactically~*~*~ (hiding).
  4598 | D:6      | Reached XP level 9. HP: 55/55 MP: 6/9
  4641 | D:6      | Noticed Eustachio
  4662 | D:6      | Killed Eustachio
  4706 | D:6      | Found a staircase to the Ecumenical Temple.
  4707 | D:6      | 4707 ||| PLANNING TEMPLE
  4707 | D:6      | 4707 ||| READING 3 scrolls of identify.
  4707 | D:6      | 4707 ||| IDENTIFYING black potion
  4717 | Temple   | Entered the Ecumenical Temple
  4728 | Temple   | 4728 ||| PLANNING OKAWARU WORSHIP
  5130 | Temple   | Became a worshipper of Warmaster Okawaru
  5131 | Temple   | 5131 ||| PLANNING D:1-11
  5163 | D:6      | Noticed Menkaure
  5181 | D:6      | Killed Menkaure
  5182 | D:6      | Reached skill level 9 in Axes
  5328 | D:6      | 5328 ||| Stepping ~*~*~tactically~*~*~ (hiding).
  5403 | D:6      | 5403 ||| READING scroll of enchant weapon.
  5403 | D:6      | 5403 ||| ENCHANTING +1 war axe.
  5417 | D:6      | Found a blossoming altar of Fedhas.
  5488 | D:6      | 5488 ||| FLEEEEING.
  5489 | D:6      | 5489 ||| FLEEEEING.
  5490 | D:6      | 5490 ||| FLEEEEING.
  5491 | D:6      | 5491 ||| FLEEEEING.
  5492 | D:6      | 5492 ||| FLEEEEING.
  5493 | D:6      | 5493 ||| FLEEEEING.
  5494 | D:6      | 5494 ||| FLEEEEING.
  5495 | D:6      | 5495 ||| FLEEEEING.
  5536 | D:6      | Found a glowing golden altar of the Shining One.
  5835 | D:6      | 5835 ||| UPGRADING to ring of willpower.
  5837 | D:6      | 5837 ||| UPGRADING to +4 ring of protection.
  5839 | D:6      | 5839 ||| DROPPING +6 ring of dexterity.
  5840 | D:6      | 5840 ||| DROPPING ring of willpower.
  5841 | D:6      | 5841 ||| READING scroll labelled JEMMED NEOSEN.
  5980 | D:7      | Reached * piety under Okawaru
  6007 | D:7      | 6007 ||| INVOKING Heroism.
  6013 | D:7      | Reached skill level 1 in Invocations
  6067 | D:7      | 6067 ||| Stepping ~*~*~tactically~*~*~ (hiding).
  6068 | D:7      | 6068 ||| Stepping ~*~*~tactically~*~*~ (hiding).
  6069 | D:7      | 6069 ||| Stepping ~*~*~tactically~*~*~ (hiding).
  6070 | D:7      | 6070 ||| Stepping ~*~*~tactically~*~*~ (hiding).
  6071 | D:7      | 6071 ||| Stepping ~*~*~tactically~*~*~ (hiding).
  6094 | D:7      | 6094 ||| Stepping ~*~*~tactically~*~*~ (stealth).
  6135 | D:7      | 6135 ||| Stepping ~*~*~tactically~*~*~ (hiding).
  6138 | D:7      | 6138 ||| Stepping ~*~*~tactically~*~*~ (hiding).
  6153 | D:7      | 6153 ||| Stepping ~*~*~tactically~*~*~ (hiding).
  6164 | D:7      | 6164 ||| FLEEEEING.
  6170 | D:7      | 6170 ||| FLEEEEING.
  6171 | D:7      | 6171 ||| FLEEEEING.
  6172 | D:7      | 6172 ||| FLEEEEING.
  6178 | D:7      | 6178 ||| INVOKING Heroism.
  6195 | D:7      | 6195 ||| INVOKING Heroism.
  6265 | D:7      | 6265 ||| FLEEEEING.
  6274 | D:7      | 6274 ||| STAIRDANCE
  6280 | D:6      | 6280 ||| READING 3 scrolls of identify.
  6280 | D:6      | 6280 ||| IDENTIFYING fuming pink potion
  6281 | D:6      | 6281 ||| DROPPING potion of berserk rage.
  6418 | D:7      | Noticed a +3 dagger
  6420 | D:7      | Noticed a +0 hand axe
  6433 | D:7      | Found a hide-covered altar of Uskayaw.
  6511 | D:7      | Found a burning altar of Makhleb.
  6512 | D:7      | Found a stormy altar of Qazlal.
  6559 | D:7      | Found Jest's Antique Armour Emporium.
  6562 | D:7      | 6562 ||| SHOPLISTING glowing gold dragon scales (1826 gold,
                  | have 461).
  6562 | D:7      | 6562 ||| BUYING glowing helmet (165 gold).
  6562 | D:7      | Bought a glowing helmet for 165 gold pieces
  6562 | D:7      | 6562 ||| BUYING kite shield (99 gold).
  6562 | D:7      | Bought a kite shield for 99 gold pieces
  6562 | D:7      | 6562 ||| SHOPLISTING plate armour (506 gold, have 197).
  6562 | D:7      | 6562 ||| BUYING shiny helmet (165 gold).
  6562 | D:7      | Bought a shiny helmet for 165 gold pieces
  6606 | D:7      | Reached skill level 10 in Axes
  6646 | D:7      | 6646 ||| UPGRADING to +1 helmet of see invisible.
  6651 | D:7      | 6651 ||| UPGRADING to +0 kite shield.
  6661 | D:7      | 6661 ||| DROPPING +0 buckler.
  6662 | D:7      | 6662 ||| DROPPING +1 helmet of intelligence.
  6877 | D:8      | 6877 ||| Stepping ~*~*~tactically~*~*~ (stealth).
  6879 | D:8      | 6879 ||| Stepping ~*~*~tactically~*~*~ (hiding).
  7066 | D:8      | Reached XP level 10. HP: 63/63 MP: 3/11
  7175 | D:8      | 7175 ||| FLEEEEING.
  7176 | D:8      | 7176 ||| FLEEEEING.
  7181 | D:8      | 7181 ||| FLEEEEING.
  7182 | D:8      | 7182 ||| Stepping ~*~*~tactically~*~*~ (hiding).
  7183 | D:8      | 7183 ||| Stepping ~*~*~tactically~*~*~ (hiding).
  7207 | D:8      | 7207 ||| Stepping ~*~*~tactically~*~*~ (hiding).
  7233 | D:8      | 7233 ||| INVOKING Heroism.
  7236 | D:8      | Reached skill level 3 in Invocations
  7241 | D:8      | Noticed a boulder beetle
  7270 | D:8      | HP: 3/63 [boulder beetle (16)]
  7271 | D:8      | 7271 ||| READING 3 scrolls of teleportation.
  7272 | D:8      | 7272 ||| DRINKING 4 potions of heal wounds.
  7273 | D:8      | 7273 ||| DRINKING 3 potions of heal wounds.
  7282 | D:8      | Reached skill level 6 in Shields
  7402 | D:8      | 7402 ||| INVOKING Heroism.
  7498 | D:8      | 7498 ||| INVOKING Heroism.
  7518 | D:8      | 7518 ||| INVOKING Heroism.
  7539 | D:8      | Killed a boulder beetle
  7697 | D:8      | 7697 ||| Stepping ~*~*~tactically~*~*~ (stealth).
  7699 | D:8      | 7699 ||| INVOKING Heroism.
  7786 | D:8      | 7786 ||| Stepping ~*~*~tactically~*~*~ (stealth).
  7876 | D:8      | Noticed Erica
  7877 | D:8      | 7877 ||| DRINKING 3 potions of curing.
  7877 | D:8      | 7877 ||| (to cure confusion)
  7878 | D:8      | 7878 ||| INVOKING Heroism.
  7889 | D:8      | 7889 ||| DRINKING 2 potions of curing.
  7889 | D:8      | 7889 ||| (to cure confusion)
  7890 | D:8      | 7890 ||| INVOKING Heroism.
  7897 | D:8      | Killed Erica
  7897 | D:8      | Reached ** piety under Okawaru
  8043 | D:8      | Noticed a centaur warrior
  8057 | D:8      | Killed a centaur warrior
  8058 | D:8      | Reached skill level 6 in Armour
  8091 | D:8      | 8091 ||| FLEEEEING.
  8092 | D:8      | 8092 ||| FLEEEEING.
  8093 | D:8      | 8093 ||| FLEEEEING.
  8094 | D:8      | 8094 ||| INVOKING Heroism.
  8098 | D:8      | Reached skill level 9 in Shields
  8121 | D:8      | Found a sparkling altar of Nemelex Xobeh.
  8159 | D:8      | 8159 ||| Stepping ~*~*~tactically~*~*~ (stealth).
  8164 | D:8      | 8164 ||| FLEEEEING.
  8165 | D:8      | 8165 ||| FLEEEEING.
  8166 | D:8      | 8166 ||| FLEEEEING.
  8167 | D:8      | 8167 ||| FLEEEEING.
  8168 | D:8      | 8168 ||| FLEEEEING.
  8169 | D:8      | 8169 ||| FLEEEEING.
  8170 | D:8      | 8170 ||| FLEEEEING.
  8307 | D:8      | 8307 ||| Stepping ~*~*~tactically~*~*~ (stealth).
  8427 | D:8      | Reached XP level 11. HP: 68/68 MP: 9/14
  8463 | D:8      | 8463 ||| Stepping ~*~*~tactically~*~*~ (stealth).
  8509 | D:8      | Noticed a cyclops
  8510 | D:8      | 8510 ||| Stepping ~*~*~tactically~*~*~ (stealth).
  8513 | D:8      | 8513 ||| INVOKING Heroism.
  8521 | D:8      | Killed a cyclops
  8591 | D:8      | Identified the +1 rapier "Concordance" {freeze, Dex+2}
  8735 | D:8      | 8735 ||| DROPPING +3 leather armour "Hatsogogh" {rF+
                  | Slay+3}.
  8736 | D:8      | 8736 ||| UPGRADING to +0 plate armour.
  8746 | D:8      | 8746 ||| DROPPING +0 chain mail.
  8747 | D:8      | 8747 ||| DRINKING 2 fizzy ruby potions.
  8747 | D:8      | Gained mutation: You have very sharp teeth. [potion of
                  | mutation]
  8747 | D:8      | Gained mutation: You are clumsy. (Dex -2) [potion of
                  | mutation]
  8747 | D:8      | Gained mutation: Armour fits poorly on your strangely
                  | shaped body. [potion of mutation]
  8747 | D:8      | Gained mutation: You have hidden genetic potential. [potion
                  | of mutation]
  8748 | D:8      | 8748 ||| DRINKING potion of mutation.
  8748 | D:8      | Lost mutation: You have hidden genetic potential. [potion
                  | of mutation]
  8748 | D:8      | Lost mutation: You are clumsy. (Dex -2) [potion of
                  | mutation]
  8748 | D:8      | Gained mutation: Your mind is acute. (Int +4, Str/Dex -1)
                  | [potion of mutation]
  8749 | D:8      | 8749 ||| READING 2 scrolls of identify.
  8749 | D:8      | 8749 ||| IDENTIFYING fuming grey potion
  8828 | D:9      | 8828 ||| INVOKING Heroism.
  8829 | D:9      | 8829 ||| Stepping ~*~*~tactically~*~*~ (stealth).
  8855 | D:9      | Found a staircase to the Orcish Mines.
  9000 | D:9      | 9000 ||| DROPPING +1 heavy flail.
  9034 | D:9      | Reached *** piety under Okawaru
  9088 | D:9      | 9088 ||| INVOKING Heroism.
  9091 | D:9      | 9091 ||| Stepping ~*~*~tactically~*~*~ (water).
  9146 | D:9      | 9146 ||| INVOKING Heroism.
  9163 | D:9      | 9163 ||| INVOKING Heroism.
  9285 | D:9      | 9285 ||| Stepping ~*~*~tactically~*~*~ (hiding).
  9289 | D:9      | 9289 ||| INVOKING Heroism.
  9318 | D:9      | Reached skill level 11 in Axes
  9454 | D:9      | 9454 ||| DRINKING potion of mutation.
  9454 | D:9      | Lost mutation: You have very sharp teeth. [potion of
                  | mutation]
  9454 | D:9      | Lost mutation: Your mind is acute. (Int +4, Str/Dex -1)
                  | [potion of mutation]
  9454 | D:9      | Lost mutation: Armour fits poorly on your strangely shaped
                  | body. [potion of mutation]
  9454 | D:9      | Gained mutation: You have hidden genetic potential. [potion
                  | of mutation]
  9454 | D:9      | Gained mutation: You sometimes lose your temper in combat.
                  | [potion of mutation]
  9461 | D:9      | Found Koshresm's Book Emporium.
  9536 | D:9      | 9536 ||| Stepping ~*~*~tactically~*~*~ (water).
  9589 | D:9      | 9589 ||| INVOKING Heroism.
  9590 | D:9      | 9590 ||| Stepping ~*~*~tactically~*~*~ (water).
  9608 | D:9      | 9608 ||| FLEEEEING.
  9609 | D:9      | 9609 ||| FLEEEEING.
  9859 | D:9      | 9859 ||| INVOKING Heroism.
  9881 | D:9      | 9881 ||| FLEEEEING.
  9882 | D:9      | 9882 ||| FLEEEEING.
  9883 | D:9      | 9883 ||| FLEEEEING.
  9884 | D:9      | 9884 ||| FLEEEEING.
  9885 | D:9      | 9885 ||| FLEEEEING.
  9886 | D:9      | 9886 ||| INVOKING Heroism.
 10043 | D:10     | Entered Level 10 of the Dungeon
 10043 | D:10     | Found an ornate altar of the Wu Jian Council.
 10090 | D:10     | Noticed a two-headed ogre
 10091 | D:10     | 10091 ||| INVOKING Heroism.
 10104 | D:10     | Killed a two-headed ogre
 10105 | D:10     | Reached skill level 9 in Fighting
 10158 | D:10     | 10158 ||| FLEEEEING.
 10159 | D:10     | 10159 ||| FLEEEEING.
 10160 | D:10     | 10160 ||| FLEEEEING.
 10161 | D:10     | 10161 ||| FLEEEEING.
 10162 | D:10     | 10162 ||| Stepping ~*~*~tactically~*~*~ (hiding).
 10163 | D:10     | 10163 ||| FLEEEEING.
 10164 | D:10     | 10164 ||| FLEEEEING.
 10165 | D:10     | 10165 ||| FLEEEEING.
 10166 | D:10     | 10166 ||| Stepping ~*~*~tactically~*~*~ (hiding).
 10167 | D:10     | 10167 ||| Stepping ~*~*~tactically~*~*~ (hiding).
 10190 | D:10     | Reached **** piety under Okawaru
 10198 | D:10     | Noticed a two-headed ogre
 10203 | D:10     | HP: 9/71 [orc priest/divine providence (13)]
 10204 | D:10     | 10204 ||| READING 3 scrolls of teleportation.
 10204 | D:10     | HP: 2/71 [yak (8)]
 10204 | D:10     | Slain by a two-headed ogre

Levels and vault maps discovered:
D:1:      lightli_arrival_statuegarden, layout_basic
D:2:      kennysheep_the_goblin_king, layout_rooms,
          hellmonk_ecumenical_altar_crossroads, uniq_terence
D:3:      layout_basic, mainiacjoe_overflow_six_doors_small,
          xom_confusion_cloud, uniq_crazy_yiuf_cottage
D:4:      layout_cave_pools, cheibriados_altar_1, grunt_gozag_statues,
          elyvilon_altar_1, minmay_ruptured, uniq_grinder, uniq_edmund,
          uniq_ijyb, uniq_natasha
D:5:      minmay_clustersquares, layout_layer_cave, mainiacjoe_overflow_alcove_4
D:6:      layout_rooms, fedhas_ov_isle_minmay,
          mainiacjoe_overflow_small_starburst, minmay_temple_entry_junction,
          uniq_menkaure, uniq_eustachio
D:7:      layout_cave_pools, gammafunk_temple_overflow_pools,
          dancing_weapons_uskayaw, serial_shops,
          nicolae_shop_tiny_real_fake_doors
D:8:      layout_basic, nicolae_overflow_crystal_walls, minmay_pinched_square,
          uniq_erica
D:9:      minmay_twisted_water, layout_basic, david_orc_3, serial_shops, shop
D:10:     layout_stronghold, nicolae_wu_jian_wuxing_cycle, serial_shops,
          nicolae_shop_getting_attention, gammafunk_ghost_berserking_beasts,
          hangedman_decor_peaks_small
Temple:   compressed_dpeg_triangle_lava_temple

Skill      XL: |  1  2  3  4  5  6  7  8  9 10 11 |
---------------+----------------------------------+-----
Axes           | 2 3 4 5 7 8 10 11 | 11.1
Dodging        | 1 2 |  2.1
Throwing       | 1 2 |  2.1
Fighting       | 4 6 7 9 |  9.3
Armour         | 4 6 8 |  8.0
Shields        | 5 9 10 | 10.0
Invocations    | 1 4 |  4.5

Action                     |  1- 3 |  4- 6 |  7- 9 | 10-12 || total
---------------------------+-------+-------+-------+-------++-------
  Melee: War axe           |    59 |   112 |   237 |   380 ||   788
         Bite              |       |       |       |     8 ||     8
  Throw: Javelin           |       |    14 |    37 |     1 ||    52
         Boomerang         |       |       |    13 |    96 ||   109
 Invoke: Heroism           |       |       |     3 |    18 ||    21
    Use: Scroll            |     5 |     8 |     7 |     3 ||    23
         Potion            |     1 |     1 |       |     7 ||     9
 Armour: Scale mail        |    22 |    41 |       |       ||    63
         Leather armour    |       |    23 |    36 |       ||    59
         Chain mail        |       |       |    65 |    73 ||   138
         Plate armour      |       |       |       |    92 ||    92
  Dodge: Dodged            |    17 |    65 |   124 |   184 ||   390
  Block: Buckler           |    13 |    32 |    43 |       ||    88
         Kite shield       |       |       |    13 |   189 ||   202

Table legend:
 A = Non-vault XP
 B = Vault XP
 C = Vault XP percentage of total XP
 D = Non-vault monster count
 E = Vault monster count
 F = Vault count percentage of total count
                 A         B        C        D         E       F
            +---------+---------+-------+---------+---------+-------
      Total |    9232 |    8629 |  48.3 |     194 |      74 |  27.6
            +---------+---------+-------+---------+---------+-------
        D:1 |      43 |       0 |   0.0 |      23 |       0 |   0.0
        D:2 |      26 |      78 |  75.0 |      13 |       8 |  38.1
        D:3 |      16 |      14 |  46.7 |       8 |       8 |  50.0
        D:4 |     314 |     485 |  60.7 |      20 |       5 |  20.0
        D:5 |     427 |     797 |  65.1 |      15 |      12 |  44.4
        D:6 |     719 |     380 |  34.6 |      16 |       2 |  11.1
        D:7 |    1122 |       0 |   0.0 |      23 |       0 |   0.0
        D:8 |    1400 |    4591 |  76.6 |      32 |      16 |  33.3
        D:9 |    2453 |    2284 |  48.2 |      33 |      23 |  41.1
       D:10 |    2712 |       0 |   0.0 |      11 |       0 |   0.0
            +---------+---------+-------+---------+---------+-------
